 Dungeon Crawl Stone Soup version 0.29.1-15-g9cfb28693d (webtiles) character file.

Game seed: 11477956291495542356

15647 hawla the Thaumaturge (level 12, -1/89 HPs)
             Began as a Meteoran Fire Elementalist on Mar 7, 2023.
             Was a Follower of Vehumet.
             Slain by Amaemon
             ... wielding a -1 demon whip of venom
              (6 damage)
             ... on level 2 of the Lair of Beasts.
             The game lasted 00:26:28 (6256 turns).

hawla the Thaumaturge (Meteoran Fire Elementalist)  Turns: 6256, Time: 00:26:29

Health: -1/89      AC:  8    Str:  9    XL:     12   Next: 97%
Magic:  21/31      EV: 14    Int: 24    God:    Vehumet [*.....]
Gold:   223        SH:  0    Dex: 14    Spells: 28/39 levels left

rFire   + . .      SeeInvis +   l - +0 long sword
rCold   . . .      Faith    .   (no shield)
rNeg    . . .      Spirit   .   v - +1 steam dragon scales
rPois   .          Reflect  .   (no helmet)
rElec   .          Harm     .   (no cloak)
rCorr   .          Rampage  .   j - +0 pair of gloves
Will    +....                   k - +0 pair of boots
Stlth   +.........              f - amulet of magic regeneration
HPRegen 0.24/turn               B - ring of protection from fire
MPRegen 0.62/turn               o - ring of see invisible

@: lethally poisoned (-1 -> -33), slowed, glowing, very slow
A: sense surroundings 2, otherworldly, glowing, explore regen
a: Renounce Religion


You were on level 2 of the Lair of Beasts.
You worshipped Vehumet.
Vehumet was aware of your devotion.
You visited 3 branches of the dungeon, and saw 17 of its levels.
You also visited: Bailey.

You collected 531 gold pieces.
You spent 308 gold pieces at shops.

Inventory:

Hand Weapons
 l - a +0 long sword (weapon)
Armour
 j - a +0 pair of gloves (worn)
 k - a +0 pair of boots (worn)
 v - +1 steam dragon scales (worn)
Jewellery
 e - a +6 ring of strength
 f - an amulet of magic regeneration (around neck)
 o - a ring of see invisible (right hand)
 w - a ring of flight
 B - a ring of protection from fire (left hand)
 D - a +6 ring of strength
Wands
 a - a wand of paralysis (8)
 d - a wand of iceblast (11) (quivered)
 y - a wand of flame (23)
Scrolls
 i - 3 scrolls of identify
 m - a scroll of fear
 n - 5 scrolls of teleportation
 p - 2 scrolls of amnesia
 q - a scroll of fog
 z - 2 scrolls of vulnerability
 C - a scroll of enchant armour
Potions
 b - 3 potions of magic
 c - 5 potions of heal wounds
 g - 2 potions of berserk rage
 h - 7 potions of haste
 r - a potion of lignification
 s - 3 potions of might
 t - a potion of attraction
 u - 2 potions of mutation
 x - 5 potions of curing
 A - a potion of flight


   Skills:
 + Level 3.5 Fighting
 + Level 1.1 Long Blades
 + Level 5.9 Dodging
 - Level 1.4 Stealth
 + Level 14.1 Spellcasting
 + Level 8.7 Conjurations
 + Level 13.9 Fire Magic
 + Level 6.2 Air Magic
 + Level 3.4 Evocations


You had 28 spell levels left.
You knew the following spells:

 Your Spells              Type           Power      Damage    Failure   Level
a - Foxfire               Conj/Fire      100%       2x1d9     1%          1
b - Scorch                Fire           100%       2d10      1%          2
c - Flame Wave            Conj/Fire      64%        2d15      1%          4
d - Airstrike             Air            23%        2d(4-20)  2%          4

Your spell library contained the following spells:

 Spells                   Type           Power      Damage    Failure   Level
 Sandblast                Erth           32%        2d9       3%          1
 Shock                    Conj/Air       100%       1d9       1%          1
 Poisonous Vapours        Pois/Air       62%        N/A       1%          2
 Conjure Flame            Conj/Fire      64%        6-21      1%          3
 Inner Flame              Hex/Fire       50%        N/A       1%          3
 Swiftness                Air            47%        N/A       1%          3
 Freeze                   Ice            64%        1d8       3%          1
 Sublimation of Blood     Necr           16%        N/A       5%          2
 Wereblood                Tmut           16%        N/A       5%          2
 Hailstorm                Conj/Ice       38%        3d9       5%          4
 Frozen Ramparts          Ice            32%        1d5       11%         3
 Ozocubu's Armour         Ice            16%        N/A       11%         3
 Corpse Rot               Necr/Pois/Air  26%        N/A       14%         4
 Leda's Liquefaction      Hex/Erth       8%         N/A       34%         4
 Alistair's Intoxication  Tmut/Pois      10%        N/A       67%         5
 Borgnjor's Vile Clutch   Necr/Erth      8%         N/A       67%         5
 Lee's Rapid Deconstruct  Erth           8%         3d8*      67%         5
 Eringya's Noxious Bog    Tmut/Pois      8%         N/A       99%         6
 Statue Form              Tmut/Erth      10%        N/A       99%         6
 Ozocubu's Refrigeration  Ice            8%         4d9       100%        7
 Summon Hydra             Summ           8%         N/A       100%        7


Dungeon Overview and Level Annotations

Branches:
Dungeon (14/15) Zot: 2829  Temple (1/1) D:4 Zot: 424    Lair (2/5) D:10 Zot: 831
    Orc (0/2) D:12         Bailey (visited)
  Swamp: Lair:2-3    Shoals: Lair:2-3     Snake: Lair:2-3    Spider: Lair:2-3
 Vaults: D:13-14

Altars:
Ashenzari
Cheibriados
Dithmenos
Elyvilon
Fedhas
Hepliaklqana
Kikubaaqudgha
Makhleb
Nemelex Xobeh
Okawaru
Qazlal
Ru
Sif Muna
Trog
Uskayaw
Vehumet
Wu Jian
Xom
Yredelemnul
Zin
The Shining One

Shops:
D:5 ?   D:9 !

Portals:
Trove: D:14 (show slimy rune of Zot)

Annotations:
D:11 3 runed translucent doors, javelincjr's ghost, journeyman DjCj
Lair:2 Amaemon


Innate Abilities, Weirdness & Mutations

You passively map the area around you.
You are easily found by Zot.
You glow in the dark.
You regain HP and MP as you explore.


Message History

Amaemon misses you. Amaemon claws you but does no damage.
Amaemon closely misses you.
You feel better. Amaemon barely misses you. Amaemon closely misses you.
Amaemon misses you. Amaemon barely misses you. Amaemon closely misses you.
Amaemon misses you.
Casting: Scorch (safe; 1% risk of failure)
Confirm with . or Enter, or press ? or * to list all spells.
Casting: Flame Wave (safe; 1% risk of failure)
Press: ? - help, Dir - look around, f - activate A wave of flame ripples out!
The flame wave engulfs Amaemon!!
Amaemon is burned terribly!
Amaemon is severely wounded. (Press . to intensify the flame waves.) Amaemon hits you with a -1 demon whip of venom.
Amaemon claws you. Amaemon barely misses you.
Amaemon hits you with a -1 demon whip of venom.
You are poisoned.
Amaemon claws you.
Amaemon tail-slaps you but does no damage.
A wave of flame ripples out!
The flame wave engulfs Amaemon!
Amaemon is burned terribly!
Amaemon is almost dead.
The flame wave engulfs the fungus!!
The fungus begins to die.
The fungus is lightly damaged.
The flame wave engulfs the fungus!
The fungus begins to die.
The fungus is lightly damaged.
You feel very sick.
You hear a bellow! x4
Amaemon misses you. Amaemon completely misses you. Amaemon misses you.
Amaemon hits you with a -1 demon whip of venom!
* * * LOW HITPOINT WARNING * * *
You are lethally poisoned!
Amaemon claws you but does no damage. Amaemon barely misses you.
Amaemon hits you with a -1 demon whip of venom.
* * * LOW HITPOINT WARNING * * *
You are more poisoned.
Amaemon claws you.
* * * LOW HITPOINT WARNING * * *
Amaemon tail-slaps you.
You die...

,, * * ~~,, *
,,...# .,..####.,
,
,...P##.#...#...
, ......#........
* ,
,...............,
~* * ,
........!...... ,
* ,,,
............... ,
.......6....... ,
, .......@.......
,,, ,
.......<....... *
#.....#PP...... *
* ##........###..
, , ##P.....#.# #
, #####....#* * ,
, , ##.... , *
.#... , , ####..
,,,


You could see Amaemon (fast, combustible).

Vanquished Creatures
  2 boulder beetles (D:11)
  2 hydras (D:13)
  A vault guard (Bailey)
  2 centaur warriors (D:13)
  A wizard (D:13)
  A deep elf pyromancer (D:13)
  An ugly thing (D:13)
  A manticore (D:13)
  An orange demon (Lair:2)
  2 trolls
  Prince Ribbit (Bailey)
  Sigmund (D:6)
  A wraith (D:9)
  Eustachio (D:4)
  4 wyverns
  5 humans (Bailey)
  9 yaks
  3 steam dragons
  5 vampire mosquitoes (D:12)
  An acid dragon (D:11)
  A water moccasin (D:6)
  2 orc warriors
  A black bear (Lair:1)
  An ice beast (D:7)
  An ogre (D:5)
  15 centaurs
  A phantom (D:7)
  A kobold brigand (D:8)
  13 bullfrogs
  2 necrophages (D:5)
  Blork the orc (D:4)
  A gnoll sergeant (D:7)
  A scorpion (D:6)
  10 wights
  7 killer bees (D:10)
  5 hounds
  7 orc priests
  3 iguanas
  A gnoll bouda (D:7)
  8 orc wizards
  A statue (D:9)
  10 gnolls
  3 adders
  A shadow imp (D:5)
  A white imp (D:7)
  3 ufetubi
  2 dart slugs
  22 orcs
  6 goblins
  6 hobgoblins
  2 kobolds (D:8)
  2 ball pythons
  A frilled lizard (D:3)
  2 rats (D:2)
189 creatures vanquished.

Vanquished Creatures (others)
  181 foxfires
  A fungus (Lair:1)
  4 plants
186 creatures vanquished.

Grand Total: 375 creatures vanquished

Notes
Turn   | Place    | Note
-------+----------+-------------------------------------------
     0 | D:1      | hawla the Meteoran Fire Elementalist began the quest for
                  | the Orb.
     0 | D:1      | Reached XP level 1. HP: 14/14 MP: 5/5
    60 | D:2      | Reached XP level 2. HP: 20/20 MP: 3/6
    71 | D:2      | Learned a level 2 spell: Scorch
   234 | D:4      | Noticed a hound
   238 | D:4      | Killed a hound
   239 | D:4      | Reached skill level 3 in Spellcasting
   239 | D:4      | Reached XP level 3. HP: 15/26 MP: 2/8
   239 | D:4      | Reached XP level 4. HP: 20/33 MP: 2/9
   244 | D:4      | Learned a level 4 spell: Flame Wave
   337 | D:4      | Noticed Blork the orc
   343 | D:4      | Killed Blork the orc
   344 | D:4      | Reached XP level 5. HP: 38/38 MP: 5/10
   385 | D:4      | Noticed Eustachio
   407 | D:4      | Killed Eustachio
   408 | D:4      | Reached skill level 5 in Conjurations
   408 | D:4      | Reached skill level 5 in Fire Magic
   408 | D:4      | Reached XP level 6. HP: 36/45 MP: 3/12
   467 | D:4      | Found a staircase to the Ecumenical Temple.
   514 | Temple   | Entered the Ecumenical Temple
  1045 | D:5      | Entered Level 5 of the Dungeon
  1047 | D:5      | Found a snail-covered altar of Cheibriados.
  1111 | D:5      | Reached skill level 1 in Evocations
  1116 | D:5      | Reached XP level 7. HP: 50/50 MP: 6/13
  1134 | D:5      | Reached skill level 4 in Spellcasting
  1147 | D:5      | Found Puishoh's Magic Scroll Shop.
  1158 | D:5      | Bought a scroll of fear for 48 gold pieces
  1158 | D:5      | Bought a scroll of teleportation for 36 gold pieces
  1265 | D:5      | Reached XP level 8. HP: 34/57 MP: 10/15
  1575 | D:6      | Reached skill level 5 in Spellcasting
  1798 | D:6      | Noticed a steam dragon
  1808 | D:6      | Killed a steam dragon
  2186 | D:6      | Noticed a steam dragon
  2194 | D:6      | Killed a steam dragon
  2195 | D:6      | Reached skill level 6 in Spellcasting
  2230 | D:6      | Noticed Sigmund
  2236 | D:6      | Killed Sigmund
  2237 | D:6      | Gained mutation: You passively map the area around you.
                  | [Meteoran growth]
  2237 | D:6      | Reached XP level 9. HP: 63/63 MP: 13/20
  2546 | D:7      | Reached skill level 7 in Spellcasting
  2578 | D:7      | Reached skill level 1 in Fighting
  2682 | D:7      | Reached skill level 8 in Spellcasting
  2736 | D:7      | Found a glowing golden altar of the Shining One.
  2819 | D:7      | Reached XP level 10. HP: 61/71 MP: 17/23
  2825 | D:7      | Reached skill level 9 in Spellcasting
  3269 | D:8      | Found a flagged portal.
  3281 | Bailey   | Entered a bailey
  3292 | Bailey   | Reached skill level 10 in Fire Magic
  3297 | Bailey   | Reached skill level 10 in Spellcasting
  3375 | Bailey   | Noticed Prince Ribbit
  3375 | Bailey   | Noticed a vault guard
  3378 | Bailey   | Killed Prince Ribbit
  3386 | Bailey   | Killed a vault guard
  3387 | Bailey   | Reached skill level 11 in Spellcasting
  3387 | Bailey   | Reached XP level 11. HP: 30/79 MP: 16/27
  3420 | Bailey   | Noticed a vault guard
  3501 | D:9      | Found Vigawaerr's Distillery.
  3510 | D:9      | Bought a potion of curing for 42 gold pieces
  3510 | D:9      | Bought a potion of curing for 42 gold pieces
  3510 | D:9      | Bought a potion of heal wounds for 70 gold pieces
  3510 | D:9      | Bought a potion of heal wounds for 70 gold pieces
  3594 | D:9      | Found a radiant altar of Vehumet.
  3610 | D:9      | Became a worshipper of Vehumet
  3634 | D:10     | Entered Level 10 of the Dungeon
  3639 | D:10     | Found a staircase to the Lair.
  3672 | D:10     | Found a shimmering blue altar of Sif Muna.
  3738 | D:10     | Learned a level 4 spell: Airstrike
  3827 | D:10     | Reached skill level 1 in Air Magic
  4213 | D:11     | Noticed a boulder beetle
  4224 | D:11     | Killed a boulder beetle
  4326 | D:11     | Noticed a seven-headed hydra
  4383 | D:11     | Noticed javelincjr's ghost (journeyman DjCj)
  4384 | D:11     | Found a runed translucent gate.
  4384 | D:11     | Found a runed translucent gate.
  4384 | D:11     | Found a runed translucent gate.
  4462 | D:11     | Reached skill level 12 in Spellcasting
  4473 | D:11     | Noticed a boulder beetle
  4511 | D:11     | Killed a boulder beetle
  4512 | D:11     | Reached skill level 1 in Long Blades
  4899 | D:12     | Reached skill level 5 in Air Magic
  4951 | D:12     | Reached XP level 12. HP: 67/88 MP: 20/29
  4952 | D:12     | Reached skill level 5 in Dodging
  5004 | D:12     | Reached * piety under Vehumet
  5004 | D:12     | Offered knowledge of Sandblast by Vehumet.
  5012 | D:12     | You fall into a shaft and drop 1 floor!
  5019 | D:13     | Noticed a centaur warrior
  5033 | D:13     | Killed a centaur warrior
  5034 | D:13     | Reached skill level 13 in Spellcasting
  5088 | D:13     | Noticed an eight-headed hydra
  5097 | D:13     | Killed an eight-headed hydra
  5366 | D:13     | Noticed a centaur warrior
  5376 | D:13     | Killed a centaur warrior
  5491 | D:13     | Noticed a five-headed hydra
  5501 | D:13     | Killed a five-headed hydra
  5617 | D:13     | Noticed a deep elf pyromancer
  5632 | D:13     | Killed a deep elf pyromancer
  5831 | D:14     | Found a portal to a secret trove of treasure.
  5831 | D:14     | Noticed a wizard
  5833 | D:14     | Noticed a boulder beetle
  5835 | D:14     | Noticed a boulder beetle
  5842 | D:13     | Killed a wizard
  5892 | Lair:1   | Entered Level 1 of the Lair of Beasts
  5993 | Lair:1   | Reached skill level 14 in Spellcasting
  6244 | Lair:2   | Noticed Amaemon
  6256 | Lair:2   | Slain by Amaemon

Illustrated notes

Levels and vault maps discovered:
D:1:      minmay_arrival_open_corners, layout_loops_ring,
          hellmonk_ecumenical_altar_inner_sanctum, nrook_campfire,
          minmay_3d_cube
D:2:      layout_basic
D:3:      layout_rooms, gammafunk_ghost_necromancy
D:4:      layout_basic, minmay_temple_entry_poolview, uniq_blork_the_orc,
          uniq_eustachio
D:5:      layout_cave_pools, cheibriados_altar_1, serial_shops,
          nicolae_shop_crystal
D:6:      layout_layer_cave, kennysheep_generic_room_5, uniq_sigmund
D:7:      layout_basic, lemuel_tele_altar
D:8:      layout_rooms, serial_glass, glass_columns_c, glass_columns_c,
          lightli_bailey_entry_fortress, nicolae_eternal_life,
          nicolae_fountain_basement
D:9:      layout_cave_pods, kennysheep_little_box, vehumet_statue, serial_shops,
          shop
D:10:     layout_roguey, led_sif_book, dpeg_oklobed_lair
D:11:     layout_loops_ring, gammafunk_ghost_nasty_kobolds,
          nicolae_elevator_lobby_plus
D:12:     layout_loops_corners, minmay_orc_entry_temple_small, serial_shops,
          nicolae_take_the_stairs
D:13:     layout_basic
D:14:     wad_river_or_something, layout_cave_pools, erik_vaults_1,
          enter_trove_0, serial_bayou_lagoon_a, chequers_jeans,
          guppyfry_shop_venom
Temple:   nicolae_temple_bog_church
Lair:1:   layout_loops_ring, nicolae_quartered_pool_little
Lair:2:   layout_hall_layers, nicolae_volcano_entry_lava_flow, st_stairs_10,
          grunt_megastairs_3, uniq_maggie, uniq_amaemon

Skill      XL: |  1  2  3  4  5  6  7  8  9 10 11 12 |
---------------+-------------------------------------+-----
Fire Magic     | 4 5 6 7 9 11 12 13 | 13.9
Spellcasting   | 3 4 6 8 11 12 14 | 14.1
Conjurations   | 3 5 6 7 8 |  8.7
Dodging        | 3 4 5 |  5.9
Evocations     | 1 3 |  3.4
Fighting       | 1 2 3 |  3.5
Air Magic      | 5 6 |  6.2
Long Blades    | 1 |  1.1
Stealth        | |  1.4

Action                   |  1- 3 |  4- 6 |  7- 9 | 10-12 || total
-------------------------+-------+-------+-------+-------++-------
Melee: Unarmed           |     3 |     1 |     3 |     3 ||    10
       Long sword        |       |       |       |    18 ||    18
       Punch             |       |       |       |     1 ||     1
 Cast: Foxfire           |    19 |    20 |    30 |    35 ||   104
       Scorch            |     2 |    11 |    39 |    86 ||   138
       Flame Wave        |       |     1 |    10 |    35 ||    46
       Airstrike         |       |       |       |     9 ||     9
Evoke: Wand              |       |       |       |     4 ||     4
  Use: Scroll            |     2 |     2 |     1 |    21 ||    26
       Potion            |       |       |       |     3 ||     3
Armor: Robe              |       |     7 |     5 |       ||    12
       Steam dragon scal |       |       |     4 |    69 ||    73
       Skin              |       |       |       |    33 ||    33
Dodge: Dodged            |     2 |    14 |    15 |   133 ||   164
